 Dungeon Crawl Stone Soup version 0.14-a0-1388-g200237c (webtiles) character file.

253 Psiweapon the Cutter (level 5, -1/33 HPs)
             Began as a Kobold Berserker on Dec 9, 2013.
             Was a Believer of Trog.
             Slain by Grinder (5 damage)
             ... on Level 3 of the Dungeon.
             The game lasted 00:09:46 (2401 turns).

Psiweapon the Cutter (Kobold Berserker)             Turns: 2401, Time: 00:09:46

HP  -1/33        AC  8     Str 17      XL: 5   Next: 63%
MP   5/5         EV  8     Int  5      God: Trog [**....]
Gold 98          SH  0     Dex 15      Spells:  0 memorised,  4 levels left

rFire  . . .     SeeInvis .     a - +0 short sword
rCold  . . .     Clarity  .     t - +0 chain mail
rNeg   . . .     Conserve .     (no shield)
rPois  .         rCorr    .     (no helmet)
rElec  .         rRot     .     (no cloak)
SustAb . .       Spirit   .     (no gloves)
rMut   .         Warding  .     (no boots)
Saprov + + .     Stasis   .     (no amulet)
                                (no ring)
                                (no ring)

@: exhausted, slowed, very slow, slightly resistant to hostile enchantments,
extremely unstealthy
A: disease resistance, carnivore 3, saprovore 2
a: Burn Spellbooks, Berserk, Trog's Hand, Renounce Religion


You were on level 3 of the Dungeon.
You worshipped Trog.
Trog was pleased with you.
You were very full.

You visited 1 branch of the dungeon, and saw 3 of its levels.

You collected 98 gold pieces.

Inventory:

Hand weapons
 a - a +0,+0 short sword (weapon)
 g - a cursed +0,+0 dwarven dagger
Missiles
 m - 6 tomahawks (quivered)
Armour
 b - a +0 animal skin
 f - a +0 scale mail
 k - a +0 leather armour
 t - a +0 chain mail (worn)
Comestibles
 c - a meat ration
Scrolls
 d - a scroll of fear {unknown}
 e - a scroll of identify
 h - 2 scrolls of remove curse
 i - 2 scrolls of magic mapping
 l - a scroll of enchant armour
 p - a scroll of recharging {unknown}
 r - a scroll of enchant weapon I {unknown}
 s - a scroll of amnesia {unknown}
Jewellery
 n - an uncursed ring of fire
Potions
 j - a potion of speed
 o - 2 potions of curing
 q - a potion of agility {unknown}


   Skills:
 + Level 4.1 Fighting
 + Level 5.2 Short Blades
 + Level 2.6 Armour
 + Level 3.9 Dodging


You had 4 spell levels left.
You didn't know any spells.

Dungeon Overview and Level Annotations

Branches:
Dungeon (3/16)

Altars:

Annotations:
D:3 Grinder


Innate Abilities, Weirdness & Mutations

You recuperate from illness quickly.
You are small and have problems with some larger weapons.
You are carnivorous and can eat meat at any time.
You can eat rotten meat.


Message History

* * * LOW HITPOINT WARNING * * *
The orc hits you but does no damage. Grinder hits you but does no damage.
Your chain mail prevents you from hitting Grinder.
Grinder is moderately wounded.
The orc barely misses you.
You closely miss Grinder.
Grinder is moderately wounded.
You are no longer berserk.
You are exhausted.
You feel yourself slow down. The orc hits you but does no damage.
The orc hits you but does no damage. Grinder closely misses you.
The orc hits you but does no damage.
Read which item? (? for menu, Esc to quit)
As you read the scroll labeled PLAD SEMMEUSK, it crumbles to dust.
Use on which item? (\ to view known items) (? for menu, Esc to quit)
Nothing appears to happen.
The orc hits you but does no damage.
The orc hits you with an orcish falchion.
* * * LOW HITPOINT WARNING * * *
Grinder hits you.
You die...

#...# ######.....
..............
...........$....
.................#
..........>.......#
#..................#
#..........oo......#
#...!.....wo@......#
#...(......o)5.....#
#..................#
#####..........(.......#
[.......................
.......................
#....#..##########..##
... ##..# ..# ⌠ ##.#


You could see Grinder, a worm and 4 orcs.

Vanquished Creatures
  2 orc priests (D:3)
  4 adders (D:2)
  A worm (D:1)
  2 oozes (D:1)
  9 bats
  9 hobgoblins
  A quokka (D:2)
  7 ball pythons
  3 giant newts
  3 goblins
  7 kobolds
  5 rats
53 creatures vanquished.

Notes
Turn   | Place    | Note
--------------------------------------------------------------
     0 | D:1      | Psiweapon, the Kobold Berserker, began the quest for the Orb.
     0 | D:1      | Reached XP level 1. HP: 14/14 MP: 1/1
    12 | D:1      | You fall through a shaft!
    61 | D:1      | Reached XP level 2. HP: 19/19 MP: 2/2
   451 | D:1      | Reached XP level 3. HP: 21/23 MP: 3/3
  1300 | D:1      | Acquired Trog's second power
  1590 | D:2      | Reached XP level 4. HP: 27/29 MP: 4/4
  2221 | D:2      | Reached skill level 5 in Short Blades
  2387 | D:3      | Noticed Grinder
  2391 | D:3      | Reached XP level 5. HP: 26/33 MP: 5/5
  2401 | D:3      | Slain by Grinder

Action                   |  1- 3 |  4- 6 || total
-------------------------+-------+-------++-------
Melee: Short sword       |   163 |    66 ||   229
Throw: Tomahawk          |     1 |       ||     1
Invok: Berserk           |     1 |     1 ||     2
       Trog's Hand       |       |     1 ||     1
  Use: Scroll            |       |     5 ||     5
